 Dungeon Crawl Stone Soup version 0.31-a0-534-gaab9631 (webtiles) character file.

Game seed: 4475400313850675518

4259 Dorkslayer the Cudgeller (level 10, -2/91 (94) HPs)
             Began as a Troll Fighter on Aug 11, 2023.
             Killed from afar by a steam dragon (17 damage)
             ... with a ball of steam
             ... on level 8 of the Dungeon on Aug 12, 2023.
             The game lasted 00:22:31 (6479 turns).

Dorkslayer the Cudgeller (Troll Fighter)            Turns: 6479, Time: 00:22:32

HP:   -2/91 (94)    AC:  5    Str: 24    XL:     10   Next: 10%
MP:   9/9           EV: 10    Int:  4    God:
Gold: 663           SH:  9    Dex: 13    Spells: 9/9 levels left

rFire   . . .        a - +2 flail (elec)
rCold   . . .        c - +0 kite shield
rNeg    . . .        b - +0 robe
rPois   .            (helmet restricted)
rElec   .            e - +0 cloak
rCorr   .            (gloves unavailable)
SInv    +            (boots unavailable)
Will    .....        (no amulet)
Stlth   ++           s - ring "Cazod" {Wiz +Blink Str-2 SInv}
HPRegen 1.15/turn    k - ring of flight
MPRegen 0.11/turn

%: wizardry (x1)
@: flying, lightly drained
A: large, unfitting armour, claws 3, regeneration 1, shaggy fur 1, tough skin 1,
wild magic 1
a: Evoke Blink


You were on level 8 of the Dungeon.
You visited 2 branches of the dungeon, and saw 9 of its levels.
You also visited: Sewer and Ossuary.

You collected 663 gold pieces.

Inventory:

Hand Weapons
 a - a +2 flail of electrocution (weapon)
Missiles
 m - 5 darts of dispersal
 r - 4 boomerangs
 D - 4 javelins (quivered)
Armour
 b - a +0 robe (worn)
 c - a +0 kite shield (worn)
 e - a +0 cloak (worn)
Jewellery
 k - a ring of flight (right claw)
 s - the ring "Cazod" (left claw) {Wiz +Blink Str-2 SInv}
   (You found it on level 4 of the Dungeon)

   [ring of wizardry]

   Wiz:       It improves your spell success rate.
   Str-2:     It affects your strength (-2).
   SInv:      It lets you see invisible.
   +Blink:    It lets you blink.
Wands
 d - a wand of polymorph (21)
 z - a wand of charming (7)
Scrolls
 h - a scroll of revelation
 i - 3 scrolls of teleportation
 n - a scroll of fog {unknown}
 o - a scroll of fear {unknown}
 q - a scroll of blinking {unknown}
 u - 2 scrolls of amnesia {unknown}
 v - 3 scrolls of noise {unknown}
 y - 2 scrolls of vulnerability {unknown}
 E - a scroll of poison {unknown}
 F - a scroll of enchant armour {unknown}
Potions
 f - 3 potions of heal wounds
 g - 3 potions of brilliance
 j - a potion of mutation
 l - 3 potions of haste
 p - a potion of berserk rage {unknown}
 t - a potion of resistance
 w - 2 potions of magic
 x - a potion of cancellation
 A - 3 potions of curing
 B - 2 potions of enlightenment
 C - 4 potions of lignification


   Skills:
 + Level 4.7 Fighting
 + Level 7.6 Maces & Flails
 * Level 4.2 Throwing
 + Level 5.5 Dodging
 + Level 1.1 Stealth
 + Level 5.3 Shields
 * Level 4.4 Evocations


You had 9 spell levels left.
You didn't know any spells.
Your spell library contained the following spells:

 Spells                   Type           Power      Damage    Failure   Level
 Freeze                   Ice            0%         1d3       47%         1
 Ensorcelled Hibernation  Hex/Ice        0%         N/A       58%         2
 Passwall                 Tmut/Erth      0%         N/A       58%         2
 Frozen Ramparts          Ice            0%         1d1       82%         3
 Hailstorm                Conj/Ice       0%         3d3       82%         3
 Swiftness                Air            0%         N/A       82%         3


Dungeon Overview and Level Annotations

Branches:
Dungeon (8/15)             Temple (1/1) D:7           Sewer (visited)
Ossuary (visited)
   Lair: D:8-11

Altars:
Ashenzari
Dithmenos
Elyvilon
Fedhas
Hepliaklqana
Kikubaaqudgha
Makhleb
Nemelex Xobeh
Ru
Sif Muna
Trog
Uskayaw
Vehumet
Wu Jian
Yredelemnul
Zin
The Shining One


Innate Abilities, Weirdness & Mutations

You are too large for most types of armour.
You have claws for hands.
Your natural rate of healing is unusually fast.
You are covered in fur. (AC +1)
You have tough skin. (AC +1)
Your spells are a little harder to cast, but a little more powerful.


Message History

You hit the steam dragon but do no damage.
The steam dragon breathes steam at you. The ball of steam hits you!
The orc wizard hits you with a +0 dagger of freezing.
The orc wizard freezes you.
You barely miss the steam dragon.
You are engulfed in a cloud of scalding steam.
The steam dragon bites you but does no damage.
The steam dragon misses you. You block the orc wizard's attack.
You are engulfed in a cloud of scalding steam.
You thump the steam dragon!
The steam dragon is moderately wounded.
You are engulfed in a cloud of scalding steam.
You block the steam dragon's attack. The steam dragon barely misses you.
You hit the steam dragon but do no damage.
The steam dragon is moderately wounded.
You block the steam dragon's attack. x2
You closely miss the steam dragon.
The steam dragon is moderately wounded.
The steam dragon closely misses you. The steam dragon claws you.
You closely miss the steam dragon.
The steam dragon is moderately wounded.
The steam dragon closely misses you. You block the steam dragon's attack.
You hit the steam dragon.
The steam dragon is heavily wounded.
The steam dragon breathes steam at you. The ball of steam hits you!!
You hit the steam dragon.
The steam dragon is severely wounded.
You are engulfed in a cloud of scalding steam.
The steam dragon bites you!
* * * LOW HITPOINT WARNING * * *
The steam dragon barely misses you. x2; You block the steam dragon's attack.
You closely miss the steam dragon.
The steam dragon is severely wounded.
You are engulfed in a cloud of scalding steam.
* * * LOW HITPOINT WARNING * * *
The steam dragon breathes steam at you. The ball of steam hits you!
You die...

..# ##.## ..## ...< ...+ ###'#.
#...# #..... ....# ##.....
....# #..§§..##....#
#...§§.@Do...# # #
#.#####.##...# .#.#
########.......##...#######...#
#.......(.....## #...........
+.............## #........###
#..............# #..........#
##.#######.....# #........#.#
#.## #.....# #........#.# #..#
#.....# #.......##.#


You could see a steam dragon (catching breath) and an orc wizard.

Vanquished Creatures
  The ghost of Dawnplanks the Cleaver, a novice HOFi of Jiyva (D:6)
  2 water moccasins (D:6)
  2 sky beasts
  An ice beast (D:8)
  2 black bears
  2 ogres
  3 centaurs
  A phantom (D:5)
  An elf zombie (Ossuary)
  A kobold brigand (D:8)
  2 bullfrogs
  2 scorpions
  11 wights
  4 howler monkeys
  5 centaur zombies
  3 bullfrog zombies (D:7)
  A hound (D:5)
  2 human zombies (Ossuary)
  2 jellies
  6 orc priests (D:4)
  2 iguanas
  A sleepcap (D:5)
  Crazy Yiuf (D:2)
  3 orc wizards
  A howler monkey zombie (D:7)
  2 mummies (Ossuary)
  8 gnolls (D:5)
  13 adders
  A shadow imp (D:7)
  2 worms (D:4)
  A dart slug (D:1)
  18 orcs
  9 bats
  9 endoplasms
  8 giant cockroaches
  2 gnoll zombies (Ossuary)
  6 goblins
  8 hobgoblins
  26 kobolds
  5 quokkas
  7 ball pythons
  5 frilled lizards
  4 goblin zombies
  3 orc zombies (Ossuary)
  A quokka zombie (D:6)
  12 rats
212 creatures vanquished.

Vanquished Creatures (collateral kills)
  A wight (D:7)
1 creature vanquished.

Vanquished Creatures (others)
  A two-headed ogre (D:7)
1 creature vanquished.

Grand Total: 214 creatures vanquished

Notes
Turn   | Place    | Note
-------+----------+-------------------------------------------
     0 | D:1      | Dorkslayer the Troll Fighter began the quest for the Orb.
     0 | D:1      | Reached XP level 1. HP: 22/22 MP: 0/0
    78 | D:1      | You fall into a shaft and drop 1 floor!
   234 | D:1      | Reached XP level 2. HP: 29/29 MP: 1/1
   306 | D:1      | Found a faded altar of an unknown god.
   345 | D:1      | Reached skill level 2 in Maces & Flails
   591 | D:1      | Reached XP level 3. HP: 36/36 MP: 2/2
   767 | D:1      | Upgraded the game from 0.31-a0-523-g071a6c1 to
                  | 0.31-a0-534-gaab9631
  1367 | D:2      | Reached XP level 4. HP: 44/44 MP: 3/3
  1461 | D:2      | Found a runed translucent door.
  1462 | D:2      | Noticed Crazy Yiuf
  1473 | D:2      | Killed Crazy Yiuf
  2240 | D:4      | Reached skill level 3 in Maces & Flails
  2240 | D:4      | Reached XP level 5. HP: 45/52 MP: 4/4
  2252 | D:4      | Identified the ring "Cazod" {Wiz +Blink Str-2 SInv}
  2260 | D:4      | Found a glowing drain.
  2277 | Sewer    | Entered a sewer
  2692 | D:4      | Reached skill level 1 in Evocations
  2692 | D:4      | Reached XP level 6. HP: 54/61 MP: 5/5
  2935 | D:4      | Reached skill level 4 in Maces & Flails
  2963 | D:4      | Identified the +0 scale mail "Ragior" {Rampage rF+ Int-3
                  | Stlth+}
  3097 | D:4      | Found a bloodstained altar of Trog.
  3163 | D:5      | Entered Level 5 of the Dungeon
  3173 | D:5      | Reached XP level 7. HP: 46/67 MP: 6/6
  3583 | D:5      | Found a radiant altar of Vehumet.
  4006 | D:6      | Reached skill level 5 in Maces & Flails
  4014 | D:6      | Found a runed translucent gate.
  4015 | D:6      | Found a runed translucent gate.
  4015 | D:6      | Noticed Dawnplanks's ghost (novice HOFi)
  4046 | D:6      | Reached XP level 8. HP: 76/76 MP: 7/7
  4057 | D:6      | Found a sand-covered staircase.
  4079 | Ossuary  | Entered an ossuary
  4226 | Ossuary  | Reached skill level 1 in Throwing
  4392 | D:6      | Reached skill level 6 in Maces & Flails
  4805 | D:6      | Found a runed translucent gate.
  4959 | D:6      | Reached skill level 5 in Dodging
  5231 | D:6      | Gained mutation: Your spells are a little harder to cast,
                  | but a little more powerful. [potion of mutation]
  5231 | D:6      | Gained mutation: Your mind is acute. (Int +4, Str/Dex -1)
                  | [potion of mutation]
  5232 | D:6      | Lost mutation: Your mind is acute. (Int +4, Str/Dex -1)
                  | [potion of mutation]
  5232 | D:6      | Lost mutation: Your spells are a little harder to cast, but
                  | a little more powerful. [potion of mutation]
  5232 | D:6      | Gained mutation: Your spells are a little harder to cast,
                  | but a little more powerful. [potion of mutation]
  5260 | D:6      | Killed Dawnplanks's ghost
  5261 | D:6      | Reached XP level 9. HP: 56/84 MP: 8/8
  5349 | D:7      | Found an ancient bone altar of Kikubaaqudgha.
  5444 | D:7      | Noticed a two-headed ogre
  5477 | D:7      | Reached skill level 7 in Maces & Flails
  5621 | D:7      | Reached skill level 5 in Shields
  5633 | D:7      | Found a staircase to the Ecumenical Temple.
  5647 | Temple   | Entered the Ecumenical Temple
  5863 | D:7      | Reached skill level 1 in Stealth
  6273 | D:8      | Reached XP level 10. HP: 80/93 MP: 9/9
  6479 | D:8      | Killed from afar by a steam dragon

Illustrated notes

Levels and vault maps discovered:
D:1:      lightli_arrival_isolated_outpost, layout_loops_ring,
          ebering_ecumenical_altar_hall
D:2:      layout_loops_corners, skrybe_limestone_x, uniq_crazy_yiuf_cottage
D:3:      layout_basic
D:4:      layout_rooms, mainiacjoe_overflow_paths, cheibrodos_sewer_entry_drain,
          kennysheep_boxes
D:5:      layout_basic, vehumet_crystals, chequers_serial_rivers_large_a,
          grunt_ministairs_2, serial_bayou_crossing
D:6:      layout_basic, gammafunk_ghost_split, enter_ossuary_4
D:7:      layout_loops_cross, nicolae_overflow_hidden_temple, temple_statues,
          serial_undead, serial_undead_d, serial_undead_f, serial_undead_f,
          serial_undead_a
D:8:      layout_basic, nicolae_overflow_hallway_of_the_gods
Temple:   eino_temple_lava

Skill      XL: |  1  2  3  4  5  6  7  8  9 |
---------------+----------------------------+-----
Maces & Flails | 2 3 4 5 6 7 |  7.6
Shields        | 3 4 5 |  5.3
Dodging        | 3 4 5 |  5.5
Fighting       | 3 4 |  4.7
Evocations     | 1 2 3 4 |  4.4
Throwing       | 3 4 |  4.2
Stealth        | 1 |  1.1

Action                     |  1- 3 |  4- 6 |  7- 9 | 10-12 || total
---------------------------+-------+-------+-------+-------++-------
  Melee: Flail             |   171 |   193 |   303 |    54 ||   721
  Throw: Dart              |       |     1 |       |       ||     1
         Boomerang         |       |       |    23 |       ||    23
         Javelin           |       |       |     9 |     1 ||    10
  Evoke: Wand              |       |       |     1 |       ||     1
    Use: Scroll            |     4 |     7 |     9 |     1 ||    21
         Potion            |       |     4 |     3 |       ||     7
   Stab: Sleeping          |     1 |       |     1 |       ||     2
 Armour: Robe              |    71 |    83 |    77 |    10 ||   241
  Dodge: Dodged            |   100 |    99 |   113 |    14 ||   326
  Block: Kite shield       |    87 |    86 |   147 |    25 ||   345

Table legend: (Time is in decaauts)
 A = Elapsed time spent in this place.
 B = Non-inter-level travel time spent in this place.
 C = Inter-level travel time spent in this place.
 D = Time resting spent in this place.
 E = Time spent auto-exploring this place.
 F = Levels seen in this place.
 G = Mean time per level.
                   A        B        C        D        E       F      G
               +--------+--------+--------+--------+--------+-----+--------+
         Total |   6670 |   6670 |      0 |    145 |   2118 |  11 |  606.4 |
       Dungeon |   6102 |   6102 |      0 |    121 |   2082 |   8 |  762.8 |
        Temple |     42 |     42 |      0 |      0 |      0 |   1 |   42.0 |
         Sewer |    284 |    284 |      0 |      0 |      0 |   1 |  284.0 |
       Ossuary |    240 |    240 |      0 |     24 |     36 |   1 |  240.0 |
               +--------+--------+--------+--------+--------+-----+--------+

Top non-repeatable levels by time:
     D:6: 1112 daAuts
     D:7: 890 daAuts
     D:2: 864 daAuts
     D:5: 844 daAuts
     D:1: 754 daAuts
     D:4: 700 daAuts
     D:3: 680 daAuts
   Sewer: 284 daAuts
     D:8: 255 daAuts
 Ossuary: 240 daAuts
  Temple: 42 daAuts
